 Dungeon Crawl Stone Soup version 0.27-a0-695-gb4952372f7 (webtiles) character file.

Game seed: 13442065195455291267

17 sahdkjhfkaj the Sneak (level 2, 0/14 (15) HPs)
             Began as a Vine Stalker Brigand on Mar 21, 2021.
             Hit by a stone thrown by a kobold (3 damage)
             ... on level 1 of the Dungeon.
             The game lasted 00:00:57 (591 turns).

sahdkjhfkaj the Sneak (Vine Stalker Brigand)         Turns: 591, Time: 00:00:58

HP:   0/14 (15)     AC:  3    Str: 13    XL:     2   Next: 62%
MP:   0/3           EV: 11    Int: 11    God:
Gold: 12            SH:  0    Dex: 15    Spells: 1/1 levels left

rFire    . . .     SeeInvis .   a - +1 dagger (drain)
rCold    . . .     Faith    .   (no shield)
rNeg     . . .     Spirit   +   g - +0 robe
rPois    .         Reflect  .   (no helmet)
rElec    .         Harm     .   c - +0 cloak
rCorr    .         Rampage  .   (no gloves)
Will     .....                  (no boots)
Stlth    +++.......             (no amulet)
HPRegen  0.04/turn              (no ring)
MPRegen  0.08/turn              (no ring)

@: brilliant, drained
A: fangs 2, magic shield, antimagic bite, no potion heal 3
a: no special abilities


You were on level 1 of the Dungeon.
You visited 1 branch of the dungeon, and saw 1 of its levels.

You collected 12 gold pieces.

Inventory:

Hand Weapons
 a - a +1 dagger of draining (weapon)
   (You took it off a goblin on level 1 of the Dungeon)
 b - a +1 long sword of electrocution
   (You found it on level 1 of the Dungeon)
Missiles
 d - 18 poisoned darts (quivered)
 e - 2 curare-tipped darts {!f}
Armour
 c - a +0 cloak (worn)
 g - a +0 robe (worn)


   Skills:
 - Level 2.0 Fighting
 + Level 2.4 Short Blades
 - Level 1.7 Throwing
 - Level 0.7 Dodging
 - Level 5.0 Stealth


You had one spell level left.
You didn't know any spells.
Your spell library contained the following spells:

 Spells                   Type           Power      Damage    Failure   Level
 Corona                   Hex            0%         N/A       34%         1
 Poisonous Vapours        Pois/Air       0%         N/A       47%         2
 Confusing Touch          Hex            0%         N/A       71%         3
 Spider Form              Tmut/Pois      0%         N/A       71%         3
 Alistair's Intoxication  Tmut/Pois      0%         N/A       100%        5
 Eringya's Noxious Bog    Tmut/Pois      0%         N/A       100%        6


Dungeon Overview and Level Annotations

Branches:
Dungeon (1/15)

Altars:


Innate Abilities, Weirdness & Mutations

You have extremely sharp teeth.
When hurt, damage is shared between your health and your magic reserves.
Your bite disrupts and absorbs the magic of your enemies.
Potions cannot restore your health.


Message History

You open the door. You open the door.
There is an open door here.
There is an open door here.
A bat comes into view.
A bat is nearby!
A bat is nearby!
A bat is nearby!
The bat closely misses you. The bat barely misses you. The bat hits you.
You completely miss the bat. The bat misses you.
You barely miss the bat. You bite the bat, but do no damage.
The bat hits you but does no damage.
You hit the bat.
You kill the bat!
No target in view!
No target in view!
You see here a bat corpse.
An ooze comes into view.
An ooze is nearby!
An ooze is nearby!
The helpless ooze fails to defend itself.
You impale the ooze!!
You kill the ooze!
No target in view!
You see here a bat corpse.
A rat comes into view.
A rat is nearby!
A rat is nearby!
The rat closely misses you.
You barely miss the rat. You bite the rat. You drain its power.
The rat bites you but does no damage.
You hit the rat. You drain the rat.
You kill the rat!
You see here a rat corpse.
A kobold comes into view. It is wielding a +0 club.
A kobold is nearby!
A kobold is nearby!
The kobold throws a stone.
The stone barely misses you. The kobold hits you with a +0 club.
You barely miss the kobold. The kobold hits you with a +0 club.
* * * LOW HITPOINT WARNING * * *
The kobold throws a stone.
The stone hits you.
* * * LOW HITPOINT WARNING * * *
It was a potion of brilliance.
You feel clever all of a sudden.
The kobold throws a stone.
The stone closely misses you.
The kobold throws a stone.
The stone closely misses you.
The kobold throws a stone.
The stone barely misses you.
The kobold throws a stone.
The stone hits you.
You die...

###################
#.....K....@......#
#.###############.#
# #.# .# #.#
######.##### #.#
............ #.#
####.#.#### #.# #.#
#.# #.# #.#


You could see a kobold.

Vanquished Creatures
  An ooze (D:1)
  2 bats (D:1)
  A giant cockroach (D:1)
  A goblin (D:1)
  3 hobgoblins (D:1)
  A quokka (D:1)
  A kobold (D:1)
  2 rats (D:1)
12 creatures vanquished.

Notes
Turn   | Place    | Note
-------+----------+-------------------------------------------
     0 | D:1      | sahdkjhfkaj the Vine Stalker Brigand began the quest for
                  | the Orb.
     0 | D:1      | Reached XP level 1. HP: 11/11 MP: 2/2
   245 | D:1      | Identified Coidgh's Incunabulum of Bewitching Poison
   266 | D:1      | Reached skill level 5 in Stealth
   274 | D:1      | Reached XP level 2. HP: 15/15 MP: 3/3
   591 | D:1      | Hit by a stone thrown by a kobold

Illustrated notes

Levels and vault maps discovered:
D:1:      dpeg_arrival_tiny_b, layout_basic, grunt_decor_arrowhead,
          feat_on_display

Skill      XL: |  1 |
---------------+----+-----
Fighting       | 2 |  2.0
Short Blades   | 2 |  2.4
Stealth        | 5 |  5.0
Throwing       | |  1.7
Dodging        | |  0.7

Action                   || total
-------------------------++-------
Melee: Dagger            ||    24
       Bite              ||     5
  Use: Potion            ||     1
 Stab: Sleeping          ||     5
Armor: Robe              ||     3
Dodge: Dodged            ||    15

Table legend: (Time is in decaauts)
 A = Elapsed time spent in this place.
 B = Non-inter-level travel time spent in this place.
 C = Inter-level travel time spent in this place.
 D = Time resting spent in this place.
 E = Time spent auto-exploring this place.
 F = Levels seen in this place.
 G = Mean time per level.
                   A        B        C        D        E       F      G
               +--------+--------+--------+--------+--------+-----+--------+
         Total |    587 |    587 |      0 |      0 |    492 |   1 |  587.0 |
       Dungeon |    587 |    587 |      0 |      0 |    492 |   1 |  587.0 |
               +--------+--------+--------+--------+--------+-----+--------+

Top non-repeatable levels by time:
     D:1: 587 daAuts
